 Dungeon Crawl Stone Soup version 0.18.1-50-g88ac8fd (webtiles) character file.

154 Dioneo the Skirmisher (level 5, 0/47 HPs)
             Began as a Draconian Abyssal Knight on Oct 16, 2016.
             Was a Priest of Lugonu.
             Slain by wojtek's ghost (11 damage)
             ... on level 3 of the Dungeon.
             The game lasted 00:06:58 (3368 turns).

Dioneo the Skirmisher (Draconian Abyssal Knight)    Turns: 3368, Time: 00:06:59

Health: 0/47       AC:  6    Str: 15    XL:     5   Next: 13%
Magic:  8/8        EV: 12    Int: 13    God:    Lugonu [***...]
Gold:   110        SH:  0    Dex: 10    Spells: 0 memorised, 4 levels left

rFire  . . .     SeeInvis .     a - +1 mace
rCold  . . .     Gourm    .     (armour unavailable)
rNeg   . . .     Faith    .     (no shield)
rPois  .         Spirit   .     (helmet restricted)
rElec  .         Dismiss  .     l - +0 cloak
rCorr  .         Reflect  .     (no gloves)
SustAt .         Harm     .     (no boots)
MR     .....                    (no amulet)
Stlth  +.........               (no ring)
                                (no ring)

@: not resistant to hostile enchantments, very unstealthy
A: unfitting armour, cold-blooded, AC +5
a: Depart the Abyss, Bend Space, Banish, Renounce Religion


You were on level 3 of the Dungeon.
You worshipped Lugonu.
Lugonu was most pleased with you.
You were not hungry.

You visited 1 branch of the dungeon, and saw 3 of its levels.
You visited the Abyss 1 time.

You collected 110 gold pieces.

Inventory:

Hand Weapons
 a - a +1 mace (weapon)
Armour
 l - a +0 cloak (worn)
Jewellery
 d - a +5 amulet of reflection {unknown}
 o - an uncursed ring of magical power {unknown}
Scrolls
 c - a scroll of remove curse {unknown}
 g - a scroll of immolation {unknown}
 h - a scroll of fog {unknown}
 j - a scroll of blinking {unknown}
 p - a scroll of enchant armour {unknown}
Potions
 e - a potion of resistance
 i - a potion of haste {unknown}
 k - 3 potions of curing {unknown}
 n - a potion of agility {unknown}
Comestibles
 b - 3 bread rations
 m - 3 fruits


   Skills:
 + Level 4.4 Fighting
 + Level 3.0 Maces & Flails
 - Level 2.1 Dodging
 * Level 4.2 Invocations


You had 4 spell levels left.
You didn't know any spells.

Dungeon Overview and Level Annotations

Branches:
Dungeon (3/15)

Altars:

Annotations:
D:3 wojtek's ghost, amateur KoBe


Innate Abilities, Weirdness & Mutations

Your plain brown scales are hard (AC +5).
Your body does not fit into most forms of armour.
You are cold-blooded and may be slowed by cold attacks.


Message History

Wojtek's ghost is heavily damaged.
Wojtek's ghost hits you. Wojtek's ghost misses you.
You hit wojtek's ghost but do no damage.
Your tail-slap misses wojtek's ghost.
Wojtek's ghost is heavily damaged.
Wojtek's ghost barely misses you.
You miss wojtek's ghost.
Wojtek's ghost is heavily damaged.
Wojtek's ghost hits you but does no damage.
You sock wojtek's ghost!
Wojtek's ghost is severely damaged.
Wojtek's ghost hits you but does no damage.
You hit wojtek's ghost.
Wojtek's ghost is severely damaged.
Wojtek's ghost hits you!
* * * LOW HITPOINT WARNING * * *
You closely miss wojtek's ghost.
Wojtek's ghost is severely damaged.
Wojtek's ghost barely misses you. Wojtek's ghost hits you!
You die...

... #..#.#.#..# #.#
#..#.#.#..# #.#
#..#)#.#... #.#
#..#)#.##.# #.#
#.......#.# #.#
#..#)..##.# #.#
#..#.<###.###
#.###..#........#.#
#...........#.#@#.#
#......######.#W#.#
##.###########.#.#.#
...............#.#.#
##.#############.#.#
.....# #.#.#####
.....# #....)..#
.....# ###.###.#
#....# #######.###.#


You could see wojtek's ghost.

Vanquished Creatures
  Crazy Yiuf (D:2)
  Ijyb (D:2)
  2 adders (D:2)
  An ooze (D:2)
  3 worms (D:2)
  A dart slug (D:1)
  3 giant geckos
  5 orcs (D:3)
  3 giant cockroaches
  5 goblins
  9 hobgoblins
  3 jackals (D:1)
  A ball python (D:1)
  11 bats
  2 giant newts (D:1)
  5 kobolds
  3 rats
59 creatures vanquished.

Notes
Turn   | Place    | Note
--------------------------------------------------------------
     0 | Abyss:1  | Dioneo the Draconian Abyssal Knight began the quest for the Orb.
     0 | Abyss:1  | Reached XP level 1. HP: 19/19 MP: 2/2
    28 | D:1      | Escaped the Abyss
   181 | D:1      | Reached XP level 2. HP: 20/26 MP: 3/3
   419 | D:1      | Reached ** piety under Lugonu
   903 | D:1      | Reached XP level 3. HP: 28/33 MP: 5/5
  1822 | D:2      | Noticed Ijyb
  1835 | D:2      | Killed Ijyb
  1835 | D:2      | Reached XP level 4. HP: 36/40 MP: 6/6
  1872 | D:2      | Noticed Crazy Yiuf
  1880 | D:2      | Killed Crazy Yiuf
  2607 | D:2      | Reached XP level 5. HP: 20/46 MP: 8/8
  3289 | D:3      | Reached *** piety under Lugonu
  3311 | D:3      | Noticed wojtek's ghost (amateur KoBe)
  3368 | D:3      | Slain by wojtek's ghost

Skill      XL: |  1  2  3  4 |
---------------+-------------+-----
Invocations    | 3 4 |  4.2
Fighting       | 4 |  4.4
Maces & Flails | 3 |  3.0
Dodging        | |  2.1

Action                   |  1- 3 |  4- 6 || total
-------------------------+-------+-------++-------
Melee: Mace              |   106 |    99 ||   205
       Tailslap          |     8 |     9 ||    17
  Use: Potion            |     1 |       ||     1
  Eat: Chunk             |     2 |     4 ||     6
       Beef jerky        |       |     1 ||     1
Armor: Skin              |    70 |    31 ||   101
Dodge: Dodged            |   184 |    61 ||   245
